cohdb
Replays
Latest Replays
All Replays
Popular Replays
Top Player Replays
Match Explorer
How It Works
Community
CoH3 Stats
Reddit
Sign in to upload your games and track your stats! →
Sign in with Steam
Match 43864932
Unlisted
Match 43864932
Overview
Messages
Build Orders
End
Construct Barracks
Riflemen Squad
Riflemen Squad
M1 Mortar Team
Riflemen Squad
Infantry Support Center
M1918 Browning Automatic Rifles
Selects Advanced Infantry Battlegroup
Selects Convert to Ranger Squad
Construct Medical Station
Construct Motor Pool
M1 Anti-tank Gun Team
M1 Anti-tank Gun Team
Advanced Logistics
Convert to Ranger Squad
Survival Training
Munitions Surplus
Grenade Package
Engineer Squad
Convert to Ranger Squad
Selects Ammunition Storage
Selects M2A1 105mm Howitzer Emplacement
Selects 155mm Rapid Artillery Barrage
155mm Rapid Artillery Barrage
Selects Designate Assault Position
Selects Infantry Assault
Construct Tank Depot
Infantry Assault
M18 Hellcat Tank Destroyer
M18 Hellcat Tank Destroyer
M18 Hellcat Tank Destroyer
Beze
最后一战
UCAGC
NoX
777
Zerg6412
simranjitsingh713
Pat216
0
0
Comments
sign in to comment!
No comments posted yet!